 Dungeon Crawl Stone Soup version 0.31-a0-803-g95b03c3367 (webtiles) character file.

Game seed: 17366225968649376616

34 Maratek the Trooper (level 3, -2/26 HPs)
             Began as an Octopode Fighter on Sept 20, 2023.
             Slain by Sigmund
             ... wielding a +0 scythe
              (10 damage)
             ... on level 2 of the Dungeon.
             The game lasted 00:01:03 (1084 turns).

Maratek the Trooper (Octopode Fighter)              Turns: 1084, Time: 00:01:03

Health: -2/26      AC:  1    Str: 17    XL:     3   Next: 31%
Magic:  3/3        EV: 13    Int: 10    God:
Gold:   44         SH:  4    Dex: 11    Spells: 2/2 levels left

rFire   . . .        a - +0 long sword
rCold   . . .        b - +0 buckler
rNeg    . . .        (helmet restricted)
rPois   .            (no amulet)
rElec   .            (no ring)
rCorr   .            (no ring)
SInv    .            (no ring)
Will    .....        (no ring)
Stlth   +++          (no ring)
HPRegen 0.24/turn    (no ring)
MPRegen 0.08/turn    (no ring)
                     (no ring)

%: no passive effects
@: no status effects
A: almost no armour, amphibious, 8 rings, camouflage 1, gelatinous body 1,
(nimble swimmer 1), tentacles
a: no special abilities


You were on level 2 of the Dungeon.
You visited 1 branch of the dungeon, and saw 2 of its levels.

You collected 44 gold pieces.

Inventory:

Hand Weapons
 a - a +0 long sword (weapon)
Armour
 b - a +0 buckler (worn)
Jewellery
 h - a ring of fire
 j - an amulet of guardian spirit
Scrolls
 d - a scroll of vulnerability {unknown}
 e - 2 scrolls of silence {unknown}
 g - a scroll of immolation {unknown}
 i - a scroll of amnesia {unknown}
 l - a scroll of identify {unknown}
Potions
 c - a potion of might
 f - a potion of resistance {unknown}
 k - a potion of curing {unknown}


   Skills:
 + Level 3.2 Fighting
 + Level 2.5 Long Blades
 + Level 3.2 Dodging
 + Level 1.4 Stealth
 + Level 3.2 Shields


You had 2 spell levels left.
You didn't know any spells.
Your spell library was empty.

Dungeon Overview and Level Annotations

Branches:
Dungeon (2/15)

Altars:

Annotations:
D:2 Sigmund


Innate Abilities, Weirdness & Mutations

You cannot wear most types of armour.
You are amphibious.
You can wear up to eight rings at the same time.
Your skin changes colour to match your surroundings (Stealth+).
Your rubbery body absorbs attacks. (AC +1, EV +1)
((You are camouflaged when in or above water. (Stealth+)))
You have tentacles for arms and can constrict up to eight enemies at once.


Message History

No target in view!
You now have 44 gold pieces (gained 7).
Sigmund the Dreaded comes into view.
He is wielding a +0 scythe.
Found a dagger.
Sigmund is nearby!
Sigmund is nearby!
Sigmund shouts!
Sigmund closely misses you.
You completely miss Sigmund. You grab Sigmund. You constrict Sigmund.
You block Sigmund's attack.
You hit Sigmund.
Sigmund is moderately wounded.
You constrict Sigmund.
Sigmund points at you and mumbles some strange words.
You are confused.
A dart slug comes into view.
You are too confused!
You are too confused!
You are too confused!
You are too confused!
You are too confused!
You are too confused!
You are too confused!
You release your grip on Sigmund.
Sigmund hits you from afar with a +0 scythe.
The dart slug launches a dart at you. The slug dart misses you.
The slug dart misses Sigmund.
Sigmund hits you from afar with a +0 scythe.
You feel less confused. Sigmund barely misses you.
Sigmund screams, "Don't try to resist!"
Sigmund hits you with a +0 scythe!
* * * LOW HITPOINT WARNING * * *
The dart slug launches a dart at you. The slug dart misses you.
You barely miss Sigmund. Your grab misses Sigmund.
Sigmund is moderately wounded.
Sigmund hits you with a +0 scythe!
You die...
Sigmund begins carving another notch in his scythe.

#####†#...............
#........#...........
#.##.######..###.....
# #.# #.....###.....
#.###.......#.....
#.#......##.###### #
#.#.#....##.#
#.##.#..w......######
#...@....[..#........
+...@.....###.#......
#.....^...# #.#.....(
#.........# #.#......
#.......).# #.##.....
..###.########.##.....
... ..# #.......... ..
#### #..........
#.......###


You could see Sigmund and a dart slug.

Vanquished Creatures
  An adder (D:2)
  A dart slug (D:1)
  5 endoplasms
  2 goblins (D:2)
  2 jackals (D:1)
  2 ball pythons
  2 bats
  2 kobolds (D:1)
  6 rats
23 creatures vanquished.

Notes
Turn   | Place    | Note
-------+----------+-------------------------------------------
     0 | D:1      | Maratek the Octopode Fighter began the quest for the Orb.
     0 | D:1      | Reached XP level 1. HP: 16/16 MP: 1/1
   520 | D:1      | Reached XP level 2. HP: 21/21 MP: 2/2
   916 | D:2      | Reached skill level 1 in Stealth
   916 | D:2      | Reached XP level 3. HP: 25/26 MP: 3/3
  1069 | D:2      | Noticed Sigmund
  1084 | D:2      | Slain by Sigmund

Illustrated notes

Levels and vault maps discovered:
D:1:      matt_arrival_spirals, layout_basic
D:2:      layout_basic, uniq_sigmund, uniq_robin

Skill      XL: |  1  2 |
---------------+-------+-----
Stealth        | 1 |  1.4
Fighting       | |  3.2
Long Blades    | |  2.5
Dodging        | |  3.2
Shields        | |  3.2

Action                     || total
---------------------------++-------
  Melee: Long sword        ||    40
         Constrict         ||    11
         Tentacles         ||     2
   Stab: Sleeping          ||     9
 Armour: Skin              ||    17
  Dodge: Dodged            ||    20
  Block: Buckler           ||     6

Table legend: (Time is in decaauts)
 A = Elapsed time spent in this place.
 B = Non-inter-level travel time spent in this place.
 C = Inter-level travel time spent in this place.
 D = Time resting spent in this place.
 E = Time spent auto-exploring this place.
 F = Levels seen in this place.
 G = Mean time per level.
                   A        B        C        D        E       F      G
               +--------+--------+--------+--------+--------+-----+--------+
         Total |   1097 |   1060 |     37 |      0 |    865 |   2 |  548.5 |
       Dungeon |   1097 |   1060 |     37 |      0 |    865 |   2 |  548.5 |
               +--------+--------+--------+--------+--------+-----+--------+

Top non-repeatable levels by time:
     D:1: 804 daAuts
     D:2: 292 daAuts
